 Dungeon Sprint DCSS version bcrawl-1.21.3-16-g7f46a08de7 (webtiles) character file.

Game seed: 15173692465206426043

4 Dyss the Conjurer (level 1, -3/11 HPs)
             Began as a Fairy Conjurer on Apr 30, 2020.
             Shot with an arrow by a centaur (14 damage)
             ... in the Dungeon (Sprint IX: "|||||||||||||||||||||||||||||").
             The game lasted 00:00:10 (20 turns).

Dyss the Conjurer (Fairy Conjurer)                    Turns: 20, Time: 00:00:10

Health: -3/11      AC:  3    Str:  6    XL:     1   Next: 60%
Magic:  6/6        EV: 16    Int: 18    God:
Gold:   0          SH:  3    Dex: 12    Spells: 4/5 levels left

rFire    . . .     SeeInvis .   (weapon restricted)
rCold    . . .     Gourm    .   (shield restricted)
rNeg     . . .     Faith    .   (armour unavailable)
rPois    .         Spirit   .   (no helmet)
rElec    .         Reflect  .   (no cloak)
rCorr    .         Harm     .   (no gloves)
MR       .....     NoTele   +   (no boots)
Stlth    +.........             (no amulet)
HPRegen  0.03/turn              (no ring)
MPRegen  0.10/turn              (no ring)

@: flying evasively
A: small, magic attunement, unstealthy, unfitting armour, able to fly, AC/SH +3
a: Stop Flying


You were in the Dungeon.
You were not hungry.

You visited 1 branch

Inventory:

Scrolls
 h - a scroll of blinking
Potions
 b - 3 potions of magic
 c - a potion of heal wounds
 d - a potion of curing
 f - a potion of haste
 g - a potion of berserk rage
Comestibles
 e - a ration {!d}


   Skills:
 - Level 2.6 Dodging
 - Level 1.5 Stealth
 - Level 2.6 Spellcasting
 + Level 6.2 Conjurations


You had 4 spell levels left.
You knew the following spells:

 Your Spells              Type           Power        Failure   Level  Hunger
a - Magic Dart            Conj           ###.         1%          1    None

Your spell library contained the following spells:

 Spells                   Type           Power        Failure   Level  Hunger
 Searing Ray              Conj           ###.....     1%          2    None
 Iskenderun's Mystic Bla  Conj           ###.....     4%          3    None
 Fulminant Prism          Conj/Hex       ##........   43%         4    None
 Irradiate                Conj/Tmut      ##........   78%         5    None


Dungeon Overview and Level Annotations

Branches:
Dungeon (1/1)

Altars:


Innate Abilities, Weirdness & Mutations

Your spells do not cause hunger and MP costs are reduced by 1.
Your bright wings attract enemies. (Stealth-)
You cannot fit into any form of body armour.
Your shimmering scales are hard and can block incoming attacks. (AC +3, SH +3)
You are small and have problems with some larger weapons.
You can fly continuously.


Message History

Okay, then.
Casting: Magic Dart (safe; 1% risk of failure)
Confirm with . or Enter, or press ? or * to list all spells.
Aiming: Magic Dart (safe; 1% risk of failure)
Press: ? - help, Shift-Dir - straight line, f - centaur
Aim: a centaur, wielding a +0 shortbow and quivering 111 arrows The magic dart hits the centaur.
The centaur is lightly wounded.
The centaur shoots an arrow.
The arrow barely misses you.
The centaur shoots an arrow.
The arrow completely misses you.
Casting: Magic Dart (safe; 1% risk of failure)
Confirm with . or Enter, or press ? or * to list all spells.
Aiming: Magic Dart (safe; 1% risk of failure)
Press: ? - help, Shift-Dir - straight line, f/p - centaur
Aim: a centaur, wielding a +0 shortbow and quivering 109 arrows (lightly wounded)
The magic dart hits the centaur.
The centaur is lightly wounded.
The centaur shoots an arrow.
The arrow hits you!
Ouch! That really hurt!
You die... ▓▓▓▓▓▓▓▓▓▓▓▓▓▓▓▓▓▓ +ZwaJc'@....)...<▓ ▓▓▓▓▓▓▓▓▓▓▓▓▓▓▓▓▓▓

You could see a centaur, a jelly, a worker ant, a dart slug and a jackal skeleton.

Vanquished Creatures
  A bat (D)
  A ball python (D)
  A frilled lizard (D)
  A kobold (D)
  A rat (D)
5 creatures vanquished.

Notes
Turn   | Place    | Note
-------+----------+-------------------------------------------
     0 | D        | Dyss the Fairy Conjurer began the quest for the Orb.
     0 | D        | Reached XP level 1. HP: 11/11 MP: 6/6
     6 | D        | Reached skill level 5 in Conjurations
     9 | D        | Reached skill level 6 in Conjurations
    18 | D        | Noticed a worker ant
    18 | D        | Noticed a jelly
    18 | D        | Noticed a centaur
    20 | D        | Shot with an arrow by a centaur

Skill      XL: |  1 |
---------------+----+-----
Conjurations   | 6 |  6.2
Dodging        | |  2.6
Stealth        | |  1.5
Spellcasting   | |  2.6

Action                   || total
-------------------------++-------
 Cast: Magic Dart        ||    10
Armor: Skin              ||     1
Dodge: Dodged            ||     5
Block: Other             ||     1
